 Dungeon Crawl Stone Soup version 0.29.1-2-gbd0b4ee654 (webtiles) character file.

Game seed: 10996285721772967660

392 Icepheonix32 the Changer (level 6, -1/38 HPs)
             Began as an Octopode Transmuter on Nov 18, 2022.
             Killed from afar by an orc wizard (7 damage)
             ... with a magic dart
             ... on level 4 of the Dungeon.
             The game lasted 00:05:34 (4379 turns).

Icepheonix32 the Changer (Octopode Transmuter)      Turns: 4379, Time: 00:05:34

Health: -1/38      AC:  2    Str: 10    XL:     6   Next: 80%
Magic:  18/18      EV: 19    Int: 24    God:
Gold:   189        SH:  0    Dex: 19    Spells: 0/9 levels left

rFire   . . .      SeeInvis .     - Unarmed
rCold   . . .      Faith    .   (shield currently unavailable)
rNeg    . . .      Spirit   .   (helmet currently unavailable)
rPois   x          Reflect  .   (no amulet)
rElec   +          Harm     .   b - ring "Gesmuwna" {Fly rElec Will- MP+9 Int+9}
rCorr   .          Rampage  .   (no ring)
Will    .....                   (no ring)
Stlth   ++........              (no ring)
HPRegen 0.12/turn               (no ring)
MPRegen 0.16/turn               (no ring)
                                (no ring)
                                (no ring)

@: spider-form, flying
A: venomous fangs, almost no armour, (amphibious), 8 rings, tiny, (camouflage
1), (gelatinous body 1), (nimble swimmer 1), (tentacles)
a: End Transformation


You were on level 4 of the Dungeon.
You were a venomous arachnid creature.
You visited 1 branch of the dungeon, and saw 4 of its levels.

You collected 189 gold pieces.

Inventory:

Armour
 l - the +1 hat of Articulation (melded) {rCorr}
   (You acquired it on level 3 of the Dungeon)

   rCorr:     It protects you from acid and corrosion.
Magical Staves
 h - a staff of cold
Jewellery
 b - the ring "Gesmuwna" (left front leg) {Fly rElec Will- MP+9 Int+9}
   (You acquired it on level 3 of the Dungeon)

   [ring of magical power]

   Int:       It affects your intelligence (+9).
   rElec:     It insulates you from electricity.
   MP:        It affects your magic capacity (+9).
   Fly:       It grants you flight.
   Will:      It decreases your willpower.
 k - the amulet "Fauss" {Acrobat Fly Will+ Slay-4}
   (You found it on level 2 of the Dungeon)

   [amulet of the acrobat]

   It increases your evasion while moving and waiting.
   Slay:      It affects your accuracy & damage with ranged weapons and melee
   (-4).
   Fly:       It grants you flight.
   Will:      It increases your willpower.
Scrolls
 c - 3 scrolls of fog
 d - a scroll of noise
 f - 3 scrolls of teleportation
 j - 2 scrolls of immolation
 n - a scroll of amnesia
Potions
 e - a potion of curing
 g - a potion of haste
 i - a potion of brilliance
 m - a potion of flight
 o - a potion of degeneration {unknown}


   Skills:
 + Level 1.0 Fighting
 + Level 2.1 Dodging
 + Level 1.1 Stealth
 + Level 3.6 Unarmed Combat
 + Level 2.1 Spellcasting
 * Level 0.1 Conjurations
 * Level 6.4 Transmutations
 * Level 0.1 Air Magic
 * Level 0.1 Poison Magic


You couldn't memorise any spells.
You knew the following spells:

 Your Spells              Type           Power      Damage    Failure   Level
a - Beastly Appendage     Tmut           66%        N/A       4%          1
b - Spider Form           Tmut/Pois      18%        N/A       22%         3
c - Wereblood             Tmut           33%        N/A       6%          2
d - Mephitic Cloud        Conj/Pois/Air  3%         N/A       56%         3

Your spell library contained the following spells:

 Spells                   Type           Power      Damage    Failure   Level
 Sting                    Tmut/Pois      72%        1d6       11%         1
 Ignite Poison            Fire/Tmut/Pois 13%        N/A       32%         3
 Poisonous Vapours        Pois/Air       6%         N/A       36%         2
 Ice Form                 Ice/Tmut       18%        N/A       52%         4
 Olgreb's Toxic Radiance  Pois           3%         N/A       89%         4
 Freezing Cloud           Conj/Ice/Air   1%         6-21      99%         5


Dungeon Overview and Level Annotations

Branches:
Dungeon (4/15)
 Temple: D:4-7

Altars:
Ru


Innate Abilities, Weirdness & Mutations

You are a venomous arachnid creature.
You have poisonous fangs.
You are tiny and dextrous.
Your spellcasting is less reliable in this form.
Your armour is entirely melded.
You are incapable of wielding weapons or throwing items.
You cannot wear most types of armour.
((You are amphibious.))
You can wear up to eight rings at the same time.
((Your skin changes colour to match your surroundings (Stealth+).))
((Your rubbery body absorbs attacks. (AC +1, EV +1)))
((You are camouflaged when in or above water. (Stealth+)))
((You have tentacles for arms and can constrict up to eight enemies at once.))


Message History

* * * LOW HITPOINT WARNING * * *
Something hits you.
* * * LOW HITPOINT WARNING * * *
The orc hits you with a +0 flail.
* * * LOW HITPOINT WARNING * * *
Unknown command.
You feel much better. The orc misses you. The orc closely misses you.
Something hits you.
You barely miss the orc. The orc completely misses you. Something hits you.
The orc misses you.
You barely miss the orc. The orc misses you. Something hits you.
The orc misses you.
You hit the orc but do no damage.
The orc is poisoned.
Something hits you. The orc completely misses you. x2
You hit something. The orc hits you with a +0 hand axe.
* * * LOW HITPOINT WARNING * * *
The orc misses you. Something hits you.
* * * LOW HITPOINT WARNING * * *
You barely miss something. Something hits you.
* * * LOW HITPOINT WARNING * * *
The orc misses you. x2
Unknown command.
You kill the orc!
You hear some strange, mumbled words.
Something tries to affect you, but you resist.
The orc closely misses you.
Things that are here:
a +0 dagger; a +0 robe; an orc corpse You hit the orc.
The orc looks even sicker.
The orc is severely wounded.
The orc completely misses you. Something hits you.
* * * LOW HITPOINT WARNING * * *
Unknown command.
You closely miss something.
You kill the orc!
You closely miss something.
You hear some strange, mumbled words.
A magic dart appears from out of thin air!
The magic dart hits you!
You die...

....#......##
...........# .........#
.......# #......# ####
#......# ### ###..#
#{))..###.###.....
..$##s.####....###....
#..../.....#......##..).
...............#........
...............#........
................#.#.....
.........##########.#...
.........# #.###.
.........# ##.# #.
......# #...##.


There were no monsters in sight!

Vanquished Creatures
  Grinder (D:3)
  3 orc wizards
  3 gnolls (D:3)
  3 adders (D:3)
  A worm (D:2)
  3 dart slugs
  7 orcs
  5 ball pythons
  7 endoplasms
  A giant cockroach (D:1)
  5 hobgoblins
  4 jackals (D:2)
  2 quokkas
  2 bats
  2 frilled lizards (D:2)
  5 goblins
  7 kobolds
  2 rats (D:3)
63 creatures vanquished.

Vanquished Creatures (others)
  A plant (D:3)
1 creature vanquished.

Grand Total: 64 creatures vanquished

Notes
Turn   | Place    | Note
-------+----------+-------------------------------------------
     0 | D:1      | Icepheonix32 the Octopode Transmuter began the quest for
                  | the Orb.
     0 | D:1      | Reached XP level 1. HP: 13/13 MP: 3/3
   562 | D:1      | Reached XP level 2. HP: 18/18 MP: 3/5
  1329 | D:2      | Reached skill level 1 in Stealth
  1609 | D:2      | Reached XP level 3. HP: 23/23 MP: 4/6
  1735 | D:2      | Identified the amulet "Fauss" {Acrobat Fly Will+ Slay-4}
  2507 | D:2      | Reached skill level 3 in Transmutations
  2795 | D:3      | Noticed Grinder
  2807 | D:3      | Paralysed by Grinder for 3 turns
  2816 | D:3      | Killed Grinder
  2817 | D:3      | Reached skill level 5 in Transmutations
  2817 | D:3      | Reached XP level 4. HP: 28/28 MP: 7/7
  2817 | D:3      | Reached XP level 5. HP: 33/33 MP: 8/8
  2817 | D:3      | Reached XP level 6. HP: 38/38 MP: 9/9
  3371 | D:3      | Found a faded altar of an unknown god.
  3451 | D:3      | Reached skill level 6 in Transmutations
  4080 | D:3      | Found a sacrificial altar of Ru.
  4176 | D:3      | Identified 3 scrolls of acquirement
  4180 | D:3      | Learned a level 3 spell: Spider Form
  4183 | D:3      | Learned a level 2 spell: Wereblood
  4183 | D:3      | Acquired a Trismegistus Codex
  4185 | D:3      | Acquired the +1 hat of Articulation {rCorr}
  4187 | D:3      | Acquired the ring "Gesmuwna" {Fly rElec Will- MP+9 Int+9}
  4199 | D:3      | Learned a level 3 spell: Mephitic Cloud
  4369 | D:4      | HP: 1/38 [orc/+0 flail (4)]
  4379 | D:4      | Killed from afar by an orc wizard

Illustrated notes

Levels and vault maps discovered:
D:1:      dpeg_arrival_orchard, layout_basic
D:2:      layout_loops_corners
D:3:      layout_rooms, hangedman_ru_absence, dreamdust_ecumenical_altar_grove,
          nicolae_eternal_life, uniq_grinder
D:4:      minmay_wonky_spiral, layout_cave_pools, okawaru_ov_weapons_minmay,
          lemuel_doored_altar, uniq_sigmund

Skill      XL: |  1  2  3  4  5  6 |
---------------+-------------------+-----
Stealth        | 1 |  1.1
Transmutations | 5 6 |  6.4
Fighting       | |  1.0
Dodging        | |  2.1
Unarmed Combat | |  3.6
Spellcasting   | |  2.1
Conjurations   | |  0.1
Air Magic      | |  0.1
Poison Magic   | |  0.1

Action                   |  1- 3 |  4- 6 || total
-------------------------+-------+-------++-------
Melee: Unarmed           |    75 |    89 ||   164
       Constrict         |    18 |    12 ||    30
       Tentacles         |    11 |    13 ||    24
       Kick              |    20 |    14 ||    34
       Punch             |     3 |     1 ||     4
 Cast: Beastly Appendage |    23 |    12 ||    35
       Spider Form       |       |     2 ||     2
  Use: Scroll            |    10 |     4 ||    14
       Potion            |     4 |     4 ||     8
 Stab: Sleeping          |    10 |     5 ||    15
Armor: Skin              |    10 |     6 ||    16
Dodge: Dodged            |    50 |    59 ||   109
